Map: Jagannatha LE

Players

PattyMac - Winner!

  • Race: Protoss Protoss
  • League: Grandmaster
  • Spawn Location: 1:00

Namshar

  • Race: Zerg Zerg
  • League: Grandmaster
  • Spawn Location: 7:00

Event: DreamHack SC2 Masters 2020 Winter

VOD

Have the link to the VOD?

Description

Time

  • Played on: Oct. 30, 2020, 5:13 p.m.
  • Length: 17:18

All games in this series

Show
View Real Time Build Order
Export as new Build Order

PattyMac Protoss - Winner!

Build Orders: Oracle Opening, Carriers 

Get SALT Encoding   

  12  0:00  Probe  
  13  0:12  Probe  
  14  0:20  Pylon  
  14  0:24  Probe  
  15  0:31  Assimilator  
  15  0:38  Probe (Chrono Boost)  
  16  0:44  Gateway  
  16  0:49  Probe (Chrono Boost)  
  17  0:54  Probe (Chrono Boost)  
  18  1:04  Probe  
  19  1:18  Probe  
  20  1:30  Probe  
  20  1:31  Cybernetics Core  
  21  1:42  Probe  
  22  1:48  Pylon  
  22  1:54  Probe  
  23  2:05  Nexus  
  23  2:10  Adept (Chrono Boost)  
  25  2:17  Probe  
  25  2:21  Assimilator  
  26  2:34  Pylon  
  26  2:39  Pylon  
  25  2:53  Stargate  
  25  2:57  Probe  
  26  3:05  Adept  
  28  3:08  Gateway  
  28  3:12  Probe (Chrono Boost)  
  29  3:14  Warp Gate  
  29  3:21  Probe (Chrono Boost)  
  29  3:24  Probe (Chrono Boost)  
  31  3:30  Probe (Chrono Boost)  
  31  3:31  Probe (Chrono Boost)  
  33  3:35  Probe (Chrono Boost)  
  33  3:38  Probe  
  33  3:39  Oracle (Chrono Boost)  
  35  3:47  Probe  
  39  3:49  Pylon  
  39  3:51  Probe  
  40  3:56  Adept  
  40  3:59  Probe  
  43  4:03  Probe  
  44  4:11  Probe  
  44  4:12  Oracle (Chrono Boost)  
  44  4:15  Probe  
  49  4:23  Probe  
  50  4:27  Probe  
  51  4:31  Pylon  
  51  4:35  Probe  
  52  4:40  Nexus, Probe  
  52  4:44  Oracle  
  53  4:47  Probe  
  53  4:52  Assimilator, Probe  
  55  4:55  Assimilator  
  55  4:56  Shield Battery  
  55  4:59  Probe (Chrono Boost)  
  57  5:09  Probe (Chrono Boost)  
  57  5:11  Probe (Chrono Boost), Sentry  
  57  5:13  Forge  
  60  5:16  Probe (Chrono Boost)  
  60  5:17  Probe (Chrono Boost)  
  62  5:35  Twilight Council  
  62  5:37  Pylon  
  62  5:43  Pylon  
  62  5:45  Protoss Ground Weapons Level 1 (Chrono Boost)  
  62  5:51  Phoenix, Probe (Chrono Boost)  
  62  5:52  Robotics Facility  
  62  5:53  Probe (Chrono Boost)  
  62  5:56  Probe (Chrono Boost)  
  65  5:59  Gateway  
  65  6:02  Gateway, Probe x2 (Chrono Boost)  
  68  6:05  Probe (Chrono Boost)  
  68  6:06  Probe (Chrono Boost)  
  68  6:07  Probe (Chrono Boost)  
  68  6:08  Charge, Pylon  
  68  6:10  Stalker  
  72  6:15  Probe  
  72  6:17  Probe  
  74  6:19  Probe  
  75  6:26  Templar Archives  
  75  6:27  Gateway  
  75  6:28  Gateway  
  75  6:30  Probe (Chrono Boost)  
  75  6:31  Probe (Chrono Boost)  
  78  6:33  Probe (Chrono Boost)  
  78  6:36  Assimilator  
  78  6:38  Assimilator  
  78  6:39  Pylon  
  79  6:42  Probe (Chrono Boost)  
  79  6:43  Observer (Chrono Boost)  
  79  6:44  Probe (Chrono Boost)  
  79  6:45  Probe (Chrono Boost)  
  82  6:47  Gateway, Probe (Chrono Boost)  
  82  6:51  Zealot x2  
  82  6:52  Psionic Storm, Probe  
  82  6:54  Probe  
  89  6:58  Probe  
  90  7:02  Gateway  
  90  7:04  Probe  
  91  7:10  Probe  
  91  7:11  Probe  
  93  7:16  Nexus  
  93  7:17  Pylon  
  93  7:21  Probe  
  93  7:22  Probe  
  95  7:23  High Templar x2  
  95  7:27  Immortal (Chrono Boost)  
  95  7:29  Probe  
  97  7:33  Probe  
  97  7:35  High Templar x2  
  106  7:39  Pylon  
  106  7:40  Pylon  
  106  7:41  Assimilator  
  106  7:42  Zealot  
  106  7:43  Gateway, Zealot  
  110  7:44  Probe  
  110  7:46  Assimilator  
  110  7:47  Probe  
  112  8:00  Immortal (Chrono Boost)  
  112  8:02  High Templar x2  
  112  8:03  Zealot x3, Protoss Ground Weapons Level 2 (Chrono Boost), Probe (Chrono Boost)  
  112  8:04  Zealot  
  112  8:05  Probe (Chrono Boost)  
  130  8:11  Gateway  
  130  8:15  Gateway  
  130  8:17  Probe (Chrono Boost)  
  131  8:22  Photon Cannon  
  131  8:24  Photon Cannon, Probe  
  131  8:26  Pylon  
  132  8:34  Photon Cannon  
  132  8:35  Shield Battery  
  132  8:37  High Templar x2  
  132  8:38  Shield Battery  
  136  8:42  Archon  
  136  8:47  Zealot x4  
  146  8:55  Pylon  
  146  8:57  Pylon  
  146  8:58  Immortal  
  146  9:05  Gateway, Pylon  
  146  9:09  High Templar x3  
  151  9:10  High Templar, Zealot  
  151  9:11  Pylon  
  151  9:14  Archon x2  
  145  9:25  Zealot  
  145  9:26  Zealot x2  
  145  9:29  Zealot x3  
  140  9:38  Zealot  
  140  9:44  High Templar  
  140  9:45  High Templar x3  
  141  9:47  Archon  
  141  9:54  Probe  
  141  9:58  Warp Prism (Chrono Boost)  
  141  9:59  Fleet Beacon  
  142  10:01  Stargate  
  142  10:02  Pylon  
  144  10:08  Zealot x8  
  160  10:21  Pylon  
  160  10:23  High Templar x2, Photon Cannon  
  160  10:24  Zealot x2  
  160  10:25  Photon Cannon  
  160  10:27  Immortal  
  172  10:31  Zealot x5  
  178  10:42  Probe (Chrono Boost)  
  180  10:46  Probe (Chrono Boost)  
  180  10:49  Zealot x2  
  184  10:51  Mothership (Chrono Boost)  
  184  10:52  Nexus  
  184  10:54  Pylon  
  184  11:02  Zealot x6  
  192  11:07  Probe x2  
  174  11:17  Zealot x3  
  180  11:18  Protoss Ground Weapons Level 3 (Chrono Boost)  
  180  11:20  Probe x2  
  180  11:22  Pylon  
  180  11:23  Carrier x2 (Chrono Boost)  
  180  11:24  Zealot x2  
  198  11:26  Observer (Chrono Boost)  
  198  11:30  Probe  
  194  11:34  Pylon  
  194  11:38  Zealot x5  
  198  11:43  Observer  
  179  12:08  Zealot x7  
  168  12:14  Probe x3  
  177  12:23  Stalker x2  
  177  12:24  Carrier x2 (Chrono Boost)  
  181  12:31  Shield Battery  
  181  12:32  Zealot x3, Shield Battery  
  181  12:34  Photon Cannon  
  181  12:35  Assimilator  
  187  12:37  Photon Cannon  
  187  12:39  Assimilator  
  187  12:40  Photon Cannon  
  187  12:45  High Templar x4  
  187  12:49  Archon  
  187  12:50  Archon  
  187  12:51  Warp Prism (Chrono Boost)  
  195  12:56  High Templar x2  
  195  12:57  High Templar  
  199  13:03  Archon  
  199  13:09  Stargate  
  199  13:11  Photon Cannon  
  199  13:12  Stargate  
  195  13:15  Photon Cannon x2  
  195  13:16  Zealot x2  
  198  13:41  Zealot  
  196  14:18  Gateway  
  196  14:20  Gateway  
  196  14:21  Gateway  
  188  14:25  Protoss Air Weapons Level 1 (Chrono Boost)  
  180  14:42  Carrier (Chrono Boost)  
  190  14:47  Carrier (Chrono Boost)  
  190  14:49  Carrier (Chrono Boost)  
  196  14:54  Gateway  
  180  15:19  Zealot x11  
  180  15:20  Zealot  
  181  15:32  Carrier (Chrono Boost)  
  173  15:44  High Templar  
  173  15:45  High Templar x6  
  187  15:50  High Templar x4  
  187  15:51  Zealot x2  
  187  15:52  Nexus, Observer (Chrono Boost)  
  187  15:54  Oracle (Chrono Boost)  
  187  15:55  Archon x2  
  197  16:05  Photon Cannon  
  197  16:07  Photon Cannon  
  197  16:08  Photon Cannon  
  195  16:18  Observer  
  176  16:34  Pylon  
  176  16:36  Pylon  
  176  16:39  Zealot x8  
  172  16:40  Zealot x5  
  196  16:57  Photon Cannon  
  196  16:58  Photon Cannon x2  
  196  16:59  Photon Cannon x2  
  196  17:00  Photon Cannon  
Show
View Real Time Build Order
Export as new Build Order

Namshar Zerg 

Build Orders: Pool First, Lurkers, Roach Hydra 

Get SALT Encoding   

  12  0:00  Drone  
  13  0:12  Overlord  
  13  0:16  Drone  
  14  0:30  Drone x2  
  14  0:34  Drone  
  17  0:46  Spawning Pool  
  17  0:49  Drone  
  17  0:56  Drone  
  18  1:14  Hatchery  
  18  1:17  Extractor  
  16  1:21  Drone  
  17  1:33  Zergling x4  
  19  1:46  Evolution Chamber  
  19  1:49  Hatchery  
  19  1:50  Zergling x2  
  19  1:53  Queen  
  22  2:04  Overlord  
  22  2:18  Metabolic Boost  
  22  2:33  Queen  
  22  2:35  Drone x3  
  25  2:48  Drone  
  26  3:02  Drone x2  
  26  3:05  Drone x3  
  31  3:14  Hatchery  
  31  3:19  Overlord  
  29  3:23  Zergling x4  
  31  3:27  Drone  
  31  3:31  Queen  
  31  3:33  Drone  
  35  3:39  Drone  
  36  3:42  Drone  
  36  3:43  Drone x2  
  36  3:44  Drone  
  36  3:47  Drone  
  41  3:51  Overlord  
  41  3:53  Drone  
  41  3:55  Drone  
  43  4:02  Overlord  
  43  4:04  Spore Crawler  
  43  4:06  Spore Crawler  
  41  4:10  Drone  
  41  4:12  Queen  
  45  4:17  Drone x2  
  45  4:23  Drone x4  
  50  4:34  Drone x2  
  50  4:37  Spore Crawler  
  52  4:38  Drone x4  
  52  4:43  Drone x2  
  58  4:47  Overlord  
  58  4:48  Drone x3  
  61  4:53  Queen  
  61  4:59  Roach Warren  
  62  5:02  Extractor  
  62  5:03  Extractor  
  62  5:04  Spore Crawler  
  59  5:07  Lair  
  59  5:08  Drone x2  
  59  5:11  Drone x2  
  64  5:14  Drone x2  
  65  5:23  Drone x7  
  65  5:28  Overlord  
  71  5:33  Extractor  
  70  5:37  Evolution Chamber, Overlord  
  70  5:38  Overlord  
  70  5:42  Drone x2  
  71  5:43  Extractor, Zergling x6  
  71  5:44  Extractor  
  71  5:47  Overlord  
  72  5:50  Overlord x2  
  72  5:55  Drone  
  72  5:56  Drone x3  
  75  5:59  Drone  
  75  6:02  Drone  
  75  6:03  Drone  
  78  6:08  Zerg Missile Weapons Level 1, Glial Reconstitution  
  78  6:10  Drone  
  78  6:11  Pneumatized Carapace, Hydralisk Den  
  78  6:16  Overseer  
  78  6:17  Overlord  
  78  6:20  Drone  
  78  6:21  Drone  
  78  6:25  Drone  
  81  6:37  Hatchery  
  80  6:40  Drone, Grooved Spines  
  80  6:41  Drone  
  82  6:49  Overlord  
  82  6:52  Drone x3  
  82  6:53  Drone x2  
  87  7:03  Drone  
  87  7:04  Drone  
  89  7:15  Hydralisk x14  
  115  7:27  Extractor, Hydralisk  
  115  7:28  Drone x2  
  118  7:35  Hydralisk x3  
  124  7:42  Hydralisk  
  124  7:43  Hydralisk x5  
  136  7:51  Muscular Augments, Overseer  
  136  8:00  Hydralisk x2  
  136  8:01  Overlord x2  
  136  8:02  Overlord x3  
  140  8:12  Zerg Missile Weapons Level 2  
  140  8:14  Overlord x2  
  140  8:17  Overlord  
  140  8:20  Roach  
  140  8:21  Roach x7  
  156  8:29  Roach x5  
  166  8:39  Roach x6  
  177  8:57  Roach x5  
  177  9:01  Roach x5  
  196  9:04  Hatchery  
  196  9:10  Drone x2  
  196  9:11  Infestation Pit, Lurker Den  
  193  9:21  Hydralisk  
  193  9:22  Zergling x18  
  189  9:29  Zergling x8, Hydralisk  
  189  9:30  Zergling x6  
  189  9:34  Hydralisk  
  189  9:35  Zergling x6  
  153  9:48  Drone x6  
  153  9:50  Extractor  
  158  9:58  Drone x4  
  159  10:07  Hydralisk x4  
  167  10:16  Hydralisk x11  
  187  10:35  Zerg Ground Armor Level 1, Hive  
  183  10:36  Drone  
  183  10:38  Drone  
  183  10:39  Hydralisk x7  
  183  10:40  Evolution Chamber  
  185  10:58  Hydralisk x8  
  188  11:06  Zergling x2, Hydralisk  
  188  11:07  Zergling x16  
  177  11:14  Extractor  
  177  11:15  Extractor  
  175  11:18  Hydralisk  
  175  11:19  Hydralisk x4  
  175  11:22  Lurker x3  
  175  11:23  Lurker x3  
  191  11:27  Hydralisk  
  191  11:28  Zergling x14  
  196  11:37  Hydralisk x5  
  177  11:56  Hydralisk x6  
  178  12:06  Hydralisk x4  
  151  12:12  Hydralisk x2  
  151  12:18  Zergling x16, Hydralisk  
  157  12:24  Lurker  
  157  12:25  Lurker  
  159  12:32  Seismic Spines  
  159  12:40  Drone  
  159  12:41  Drone x4  
  162  12:48  Zerg Missile Weapons Level 3  
  154  12:51  Zerg Ground Armor Level 2  
  152  13:07  Viper x2, Overlord x2  
  157  13:14  Drone x2  
  157  13:19  Overseer x2  
  159  13:20  Hydralisk  
  159  13:21  Hydralisk x5  
  171  13:28  Hydralisk x4  
  174  13:37  Hydralisk  
  174  13:38  Hydralisk x2  
  165  13:49  Hydralisk  
  165  13:50  Hydralisk x3  
  165  13:55  Hydralisk x2  
  168  14:14  Hatchery  
  162  14:18  Overlord  
  162  14:19  Extractor  
  162  14:20  Extractor  
  159  14:26  Overlord x2  
  159  14:27  Overseer  
  159  14:28  Overseer  
  159  14:32  Lurker x5  
  149  14:39  Hydralisk  
  149  14:40  Zergling x14  
  149  14:45  Overseer x2  
  148  14:53  Adaptive Talons  
  148  14:56  Drone x3  
  147  15:03  Hydralisk x4  
  137  15:12  Hydralisk  
  137  15:13  Hydralisk x2  
  128  15:17  Hydralisk x2  
  128  15:20  Overseer x2  
  113  15:22  Hydralisk  
  113  15:23  Hydralisk  
  113  15:25  Hydralisk  
  116  15:37  Hydralisk  
  116  15:38  Hydralisk x3  
  124  15:52  Viper  
  127  15:59  Lurker  
  127  16:00  Lurker  
  127  16:01  Lurker, Overseer  
  127  16:02  Drone x10, Hatchery  
  139  16:17  Drone  
  140  16:19  Drone x4, Spore Crawler  
  140  16:20  Drone x2  
  145  16:32  Hydralisk x6  
  127  16:40  Hydralisk x3  
  127  16:44  Hydralisk  
  127  16:45  Hydralisk  
  120  16:49  Hydralisk  
  120  16:50  Hydralisk  
  120  16:51  Hydralisk  
  115  17:03  Lurker  
Tags
 
Add a new tag
Caveats
  • Supply blocks, unpowered buildings, or Contaminate may cause inaccurate times.
  • Supply counts are checked every 10 seconds.